 Dungeon Crawl Stone Soup version 0.18-a0-1639-g7533f42 (webtiles) character file.

297 Ijustatesigmund the Cutter (level 6, 0/38 HPs)
             Began as a Kobold Assassin on Mar 27, 2016.
             Succumbed to a gnoll's poison
             ... on level 3 of the Dungeon.
             The game lasted 00:07:36 (2643 turns).

Ijustatesigmund the Cutter (Kobold Assassin)        Turns: 2643, Time: 00:07:37

Health: 0/38       AC:  6    Str:  8 (10) XL:     6   Next: 62%
Magic:  6/6        EV: 13    Int:  7 (10) God:
Gold:   92         SH:  0    Dex: 17 (18) Spells: 0 memorised, 5 levels left

rFire  . . .     SeeInvis .     m - +2 dagger (venom)
rCold  . . .     Gourm    .     t - +0 ring mail
rNeg   + . .     Faith    .     (shield restricted)
rPois  .         Spirit   +     (no helmet)
rElec  .         Dismiss  .     d - +0 cloak
rCorr  .         Reflect  .     (no gloves)
SustAt .         Harm     .     (no boots)
MR     .....                    h - amulet of guardian spirit
Stlth  +++.......               (no ring)
                                j - ring of positive energy

@: lethally poisoned (0 -> -2), flying (expiring), not resistant to hostile
enchantments, fairly stealthy
A: carnivore 3
a: no special abilities


You were on level 3 of the Dungeon.
You were completely stuffed.

You visited 1 branch of the dungeon, and saw 3 of its levels.

You collected 92 gold pieces.

Inventory:

Hand Weapons
 a - a +3 dagger
 b - a +0 blowgun
 m - a +2 dagger of venom (weapon)
 n - a +0 dagger of protection
Missiles
 e - 12 poisoned needles
 f - 2 curare-tipped needles
Armour
 d - a +0 cloak (worn)
 i - a +0 leather armour
 q - a +1 robe of fire resistance
 t - a +0 ring mail (worn)
Jewellery
 h - an amulet of guardian spirit (around neck)
 j - a ring of positive energy (left hand)
Wands
 o - a wand of teleportation (1/9)
Scrolls
 c - a scroll of teleportation
 k - 4 scrolls of remove curse
Potions
 l - a potion of agility
 p - a potion of haste
Comestibles
 g - 2 meat rations


   Skills:
 + Level 3.8 Fighting
 + Level 7.0 Short Blades
 - Level 2.1 Throwing
 + Level 2.9 Dodging
 - Level 5.3 Stealth


You had 5 spell levels left.
You didn't know any spells.

Dungeon Overview and Level Annotations

Branches:
Dungeon (3/15)

Altars:
Kikubaaqudgha
Sif Muna


Innate Abilities, Weirdness & Mutations

You are small and have problems with some larger weapons.
You are carnivorous and can eat meat at any time.


Message History

* * * LOW HITPOINT WARNING * * *
You feel sick.
* * * LOW HITPOINT WARNING * * *
You feel sick.
* * * LOW HITPOINT WARNING * * *
You feel sick.
* * * LOW HITPOINT WARNING * * *
You feel sick.
* * * LOW HITPOINT WARNING * * *
You feel sick.
* * * LOW HITPOINT WARNING * * *
You feel sick.
* * * LOW HITPOINT WARNING * * *
You feel sick.
* * * LOW HITPOINT WARNING * * *
You feel sick.
* * * LOW HITPOINT WARNING * * *
You feel sick.
You are starting to lose your buoyancy.
You die...

#.#
##########.#####.#..
##.# #.......##. ...#
#.#####.##. ####
##........#.
#..#####....
#........##. #####
#..#####.##. ....#
############........##.
###(#
#.))..@..........#.###.
#.##############.#....[
#. #.###.#. #.
##.###^#) #. #......#.
.# #........ #
#.######. #.# #. #.# #.


There were no monsters in sight!

Vanquished Creatures
  Jessica (D:3)
  Ijyb (D:2)
  Natasha (twice) (D:2)
  10 gnolls
  3 adders (D:3)
  An ooze (D:1)
  A worm (D:3)
  A dart slug (D:2)
  A giant gecko (D:2)
  6 orcs (D:3)
  2 ball pythons (D:2)
  4 giant cockroaches (D:2)
  5 goblins (D:2)
  6 hobgoblins
  2 jackals (D:1)
  6 kobolds
  5 bats
  4 giant newts
  5 rats
66 creatures vanquished.

Notes
Turn   | Place    | Note
--------------------------------------------------------------
     0 | D:1      | Ijustatesigmund the Kobold Assassin began the quest for the Orb.
     0 | D:1      | Reached XP level 1. HP: 12/12 MP: 1/1
    70 | D:1      | Reached skill level 3 in Short Blades
   318 | D:1      | Reached XP level 2. HP: 17/17 MP: 2/2
   551 | D:1      | Reached skill level 4 in Short Blades
   813 | D:2      | Noticed Ijyb
   818 | D:2      | Killed Ijyb
   818 | D:2      | Reached skill level 5 in Short Blades
   818 | D:2      | Reached XP level 3. HP: 21/21 MP: 3/3
   874 | D:2      | Found an ancient bone altar of Kikubaaqudgha.
   899 | D:2      | Reached XP level 4. HP: 26/26 MP: 4/4
  1223 | D:2      | Found a deep blue altar of Sif Muna.
  1227 | D:2      | Noticed Natasha
  1490 | D:2      | Reached skill level 6 in Short Blades
  1658 | D:2      | Reached XP level 5. HP: 29/31 MP: 5/5
  1790 | D:2      | Killed Natasha
  1979 | D:2      | Noticed Natasha
  1995 | D:2      | Killed Natasha
  2135 | D:3      | Reached XP level 6. HP: 37/37 MP: 6/6
  2408 | D:3      | Noticed Jessica
  2415 | D:3      | Killed Jessica
  2606 | D:3      | Reached skill level 7 in Short Blades
  2639 | D:3      | HP: 1/38 [poisoned by a gnoll]
  2643 | D:3      | Succumbed to a gnoll's poison

Vault maps used:
D:1:      tarquinn_simple_flora_water_f
D:2:      overflow_temple_1_default, nicolae_overflow_crystal_walls,
          grunt_ministairs_1, uniq_iyjb, uniq_natasha
D:3:      minmay_misc_feat_rows, uniq_jessica

Skill      XL: |  1  2  3  4  5  6 |
---------------+-------------------+-----
Short Blades   | 3 5 6 7 |  7.0
Dodging        | 2 |  2.9
Fighting       | 3 |  3.8
Throwing       | |  2.1
Stealth        | |  5.3

Action                   |  1- 3 |  4- 6 || total
-------------------------+-------+-------++-------
Melee: Dagger            |    41 |   171 ||   212
 Fire: Blowgun           |       |    18 ||    18
Evoke: Wand              |       |     1 ||     1
  Use: Scroll            |       |     9 ||     9
       Potion            |       |     8 ||     8
 Stab: Sleeping          |     9 |    10 ||    19
  Eat: Chunk             |     3 |    11 ||    14
